 Dungeon Crawl Stone Soup version 0.31-a0-1620-gcbf77bbcfc (webtiles) character file.

Game seed: 5077979217850618670

219 Laraso the Magician (level 5, -4/38 HPs)
             Began as a Draconian Fire Elementalist on Jan 12, 2024.
             Slain by an orc
             ... wielding a +0 flail
              (8 damage)
             ... on level 3 of the Dungeon.
             The game lasted 00:03:36 (3973 turns).

Laraso the Magician (Draconian Fire Elementalist)   Turns: 3973, Time: 00:03:37

Health: -4/38      AC:  5    Str: 10    XL:     5   Next: 63%
Magic:  3/13       EV: 12    Int: 18    God:
Gold:   207        SH:  0    Dex: 11    Spells: 12/15 levels left

rFire   . . .        g - +4 dagger (drain)
rCold   . . .        (no shield)
rNeg    . . .        (body armour unavailable)
rPois   .            (helmet restricted)
rElec   .            (no cloak)
rCorr   .            (no gloves)
SInv    +            (no boots)
Will    .....        (no amulet)
Stlth   ++           h - ring of see invisible
HPRegen 0.26/turn    (no ring)
MPRegen 0.13/turn

%: no passive effects
@: mighty
A: AC +5, unfitting armour, cold-blooded
a: no special abilities


You were on level 3 of the Dungeon.
You visited 1 branch of the dungeon, and saw 4 of its levels.

You collected 207 gold pieces.

Inventory:

Hand Weapons
 g - a +4 dagger of draining (weapon)
Jewellery
 h - a ring of see invisible (left hand)
Scrolls
 c - a scroll of revelation {unknown}
 e - 3 scrolls of teleportation {unknown}
 i - a scroll of poison
 j - a scroll of immolation {unknown}
 p - 2 scrolls of vulnerability
 q - a scroll of noise {unknown}
Potions
 a - 2 potions of magic
 d - a potion of heal wounds {unknown}
 f - a potion of invisibility {unknown}
 k - a potion of brilliance {unknown}
 l - a potion of ambrosia {unknown}
 m - 3 potions of mutation {unknown}
 o - a potion of curing {unknown}


   Skills:
 - Level 1.7 Dodging
 - Level 1.7 Stealth
 * Level 5.5 Spellcasting
 - Level 1.0 Conjurations
 - Level 3.0 Fire Magic


You had 12 spell levels left.
You knew the following spells:

 Your Spells              Type           Power      Damage    Failure   Level
a - Foxfire               Conj/Fire      48%        2x1d6     5%          1
b - Scorch                Fire           30%        2d6       5%          2

Your spell library contained the following spells:

 Spells                   Type           Power      Damage    Failure   Level
 Summon Small Mammal      Summ           20%        N/A       13%         1
 Inner Flame              Hex/Fire       10%        N/A       21%         3
 Volatile Blastmotes      Fire/Tloc      20%        2d11      21%         3
 Call Canine Familiar     Summ           5%         N/A       36%         3
 Summon Ice Beast         Ice/Summ       5%         N/A       36%         3
 Flame Wave               Conj/Fire      12%        2d6       50%         4
 Summon Blazeheart Golem  Fire/Summ      10%        N/A       56%         4
 Summon Mana Viper        Hex/Summ       5%         N/A       98%         5
 Monstrous Menagerie      Summ           2%         N/A       100%        7


Dungeon Overview and Level Annotations

Branches:
Dungeon (4/15)
 Temple: D:4-7

Altars:
Hepliaklqana
Ru
Wu Jian


Innate Abilities, Weirdness & Mutations

Your plain brown scales are hard. (AC +5)
You cannot fit into any form of body armour.
You are cold-blooded and may be slowed by cold attacks.


Message History

You don't have enough magic to cast this spell.
You don't have enough magic to cast this spell.
An orc is nearby!
An orc priest comes into view. It is wielding a +0 hand axe.
The orc hits you with a +0 flail.
You see here a scorpion corpse.
You barely miss the orc.
An orc comes into view. It is wielding a +0 dagger of venom.
Found 16 gold pieces.
The orc priest calls down the wrath of Beogh upon you.
Beogh smites you! The orc hits you with a +0 flail.
* * * LOW HITPOINT WARNING * * *
The orc shouts!
You are too injured to fight recklessly!
Okay, then.
You hear a shout!
The orc barely misses you.
You see here a scorpion corpse.
The orc priest attacks as it pursues you!
The orc priest misses you. The orc attacks as it pursues you!
The orc barely misses you.
There is a stone staircase leading up here.
The orc hits you but does no damage.
You climb upwards.
There is a stone staircase leading down here.
It was a potion of might.
You feel very mighty all of a sudden. The orc closely misses you.
The orc priest hits you with a +0 hand axe.
* * * LOW HITPOINT WARNING * * *
You barely miss the orc priest. Your punch misses the orc priest.
The orc barely misses you.
The orc priest hits you with a +0 hand axe.
* * * LOW HITPOINT WARNING * * *
You closely miss the orc priest. The orc barely misses you.
The orc priest hits you but does no damage.
You completely miss the orc priest. You tail-slap the orc priest.
The orc priest is moderately wounded.
The orc hits you with a +0 flail!
You die...

######### #.......#
#.......# #.......##
#####....)....
#.............
#...).........
########.....<[......
#...@o.........###...
#...o..........# ####
#.........#....# #.
###########....#####.
#....##....
#....##....
#....##....
#.(..##....
#..........


You could see an orc priest and an orc.

Vanquished Creatures
  A scorpion (D:4)
  Jessica (D:3)
  Terence (D:3)
  A gnoll (D:1)
  3 ribbon worms
  A dart slug (D:3)
  5 orcs
  12 ball pythons
  7 endoplasms
  2 giant cockroaches
  6 goblins
  6 hobgoblins
  8 jackals
  4 quokkas
  6 bats
  2 frilled lizards
  9 kobolds
  6 rats
81 creatures vanquished.

Vanquished Creatures (others)
  35 foxfires (D:1)
35 creatures vanquished.

Grand Total: 116 creatures vanquished

Notes
Turn   | Place    | Note
-------+----------+-------------------------------------------
     0 | D:1      | Laraso the Draconian Fire Elementalist began the quest for
                  | the Orb.
     0 | D:1      | Reached XP level 1. HP: 14/14 MP: 3/3
   143 | D:1      | Found a faded altar of an unknown god.
   168 | D:1      | Reached XP level 2. HP: 16/20 MP: 1/5
   871 | D:1      | Reached skill level 3 in Spellcasting
   939 | D:1      | Learned a level 2 spell: Scorch
  1345 | D:1      | Reached XP level 3. HP: 26/26 MP: 4/7
  2222 | D:2      | Reached skill level 4 in Spellcasting
  2358 | D:2      | Found a sacrificial altar of Ru.
  2470 | D:2      | Reached XP level 4. HP: 33/33 MP: 10/10
  2812 | D:3      | Noticed Terence
  2865 | D:3      | Killed Terence
  3296 | D:3      | Noticed Jessica
  3298 | D:3      | Found an ornate altar of the Wu Jian Council.
  3301 | D:3      | Killed Jessica
  3302 | D:3      | Reached skill level 5 in Spellcasting
  3302 | D:3      | Reached XP level 5. HP: 38/38 MP: 4/12
  3595 | D:3      | Found a faded altar of an unknown god.
  3596 | D:3      | Found a faded altar of an unknown god.
  3599 | D:3      | Found a hazy altar of Hepliaklqana.
  3973 | D:3      | Slain by an orc

Illustrated notes

Levels and vault maps discovered:
D:1:      dpeg_arrival_houses_and_road, layout_basic,
          ebering_ecumenical_altar_webs
D:2:      layout_basic, basic_altar
D:3:      cheibrodos_old_hovel, layout_basic,
          nicolae_hepliaklqana_ecumenical_no_more,
          mainiacjoe_overflow_boulevard, uniq_terence, uniq_jessica
D:4:      layout_rooms, nicolae_overflow_hidden_temple,
          minmay_temple_entry_slanted, serial_rivers,
          chequers_serial_rivers_room_a, chequers_serial_rivers_small_b,
          chequers_serial_rivers_micro_b, chequers_serial_rivers_micro_c,
          serial_library_hellmonk_small_corner, amcnicky_mini_pool_small,
          nicolae_shop_gadgets, uniq_blork_the_orc, uniq_crazy_yiuf_cottage

Skill      XL: |  1  2  3  4 |
---------------+-------------+-----
Spellcasting   | 3 4 5 |  5.5
Dodging        | |  1.7
Stealth        | |  1.7
Conjurations   | |  1.0
Fire Magic     | |  3.0

Action                     |  1- 3 |  4- 6 || total
---------------------------+-------+-------++-------
  Melee: Dagger            |    32 |    29 ||    61
         Unarmed           |    11 |       ||    11
         Tailslap          |     6 |     2 ||     8
         Short sword       |    16 |       ||    16
   Cast: Foxfire           |    22 |       ||    22
         Scorch            |    34 |    38 ||    72
    Use: Scroll            |       |     5 ||     5
         Potion            |       |     1 ||     1
   Stab: Sleeping          |     1 |     1 ||     2
 Armour: Skin              |    50 |    36 ||    86
  Dodge: Dodged            |    58 |    22 ||    80

Table legend: (Time is in decaauts)
 A = Elapsed time spent in this place.
 B = Non-inter-level travel time spent in this place.
 C = Inter-level travel time spent in this place.
 D = Time resting spent in this place.
 E = Time spent auto-exploring this place.
 F = Levels seen in this place.
 G = Mean time per level.
                   A        B        C        D        E       F      G
               +--------+--------+--------+--------+--------+-----+--------+
         Total |   3978 |   3817 |    161 |    216 |   3063 |   4 |  994.5 |
       Dungeon |   3978 |   3817 |    161 |    216 |   3063 |   4 |  994.5 |
               +--------+--------+--------+--------+--------+-----+--------+

Top non-repeatable levels by time:
     D:1: 1699 daAuts
     D:2: 1185 daAuts
     D:3: 1074 daAuts
     D:4: 19 daAuts
